Map: 뉴커크 재개발 지구 - 토너먼트 (공허의 유산)

Players

jjakji

  • Race: Terran Terran
  • Spawn Location: 7:00

TYTY (TY) - Winner!

  • Race: Terran Terran
  • Spawn Location: 5:00

Event: IEM XI Katowice - World Championship 2017

VOD

Have the link to the VOD?

Description

Time

  • Played on: March 2, 2017, 1:59 a.m.
  • Length: 9:26

All games in this series

Show
View Real Time Build Order
Export as new Build Order

jjakji Terran 

Build Orders: MMM Bio 

Get SALT Encoding   

  12  0:00  SCV  
  13  0:12  SCV  
  14  0:17  Supply Depot  
  14  0:24  SCV  
  15  0:28  Refinery  
  15  0:39  SCV  
  16  0:45  Barracks  
  16  0:51  SCV  
  17  1:03  SCV  
  18  1:15  SCV  
  19  1:32  Reaper, Orbital Command  
  20  1:44  Command Center  
  20  1:55  Factory  
  20  1:58  SCV  
  21  2:05  Barracks Reactor  
  21  2:09  Refinery  
  21  2:11  SCV  
  22  2:16  Supply Depot  
  22  2:23  SCV  
  23  2:38  SCV  
  23  2:41  Marine x2, Hellion  
  26  2:47  Starport  
  26  2:50  SCV  
  26  2:59  Marine x2  
  26  3:04  Orbital Command  
  28  3:06  SCV  
  28  3:11  Widow Mine  
  31  3:18  Marine x2  
  33  3:23  SCV  
  34  3:27  Viking  
  34  3:30  SCV  
  37  3:36  SCV  
  38  3:43  Marine x2, SCV  
  38  3:48  Supply Depot, Factory Tech Lab  
  41  3:50  SCV  
  41  3:55  SCV  
  43  4:01  Marine x2  
  43  4:02  SCV  
  46  4:07  SCV  
  46  4:11  Siege Tank  
  46  4:14  SCV  
  50  4:18  Supply Depot  
  50  4:19  SCV  
  51  4:26  SCV  
  53  4:31  SCV  
  53  4:38  SCV  
  54  4:40  Command Center  
  54  4:43  Siege Tank  
  57  4:46  SCV  
  57  4:50  SCV  
  59  4:55  Barracks Tech Lab  
  59  4:58  Engineering Bay x2  
  59  4:59  SCV  
  60  5:02  SCV  
  60  5:07  Supply Depot  
  61  5:10  Starport Reactor  
  61  5:11  SCV  
  61  5:14  Stimpack  
  62  5:15  Supply Depot  
  62  5:20  Refinery x2  
  62  5:23  SCV x2  
  62  5:25  Terran Infantry Weapons Level 1  
  62  5:26  Terran Infantry Armor Level 1  
  62  5:34  Barracks  
  62  5:35  Barracks  
  62  5:37  SCV  
  62  5:39  SCV  
  62  5:41  Marine  
  65  5:49  SCV  
  66  5:51  SCV  
  66  5:52  Siege Tank  
  66  5:56  Orbital Command  
  70  5:59  Marine  
  70  6:00  Starport Reactor  
  70  6:01  SCV  
  70  6:03  SCV  
  73  6:06  Barracks  
  73  6:09  Barracks  
  73  6:13  SCV, Orbital Command  
  73  6:15  SCV  
  73  6:17  Marine  
  76  6:26  Siege Tank  
  79  6:33  SCV x2  
  79  6:35  Marine  
  79  6:37  Marine  
  79  6:38  Marine x3, Medivac x2  
  90  6:42  Supply Depot  
  90  6:45  SCV  
  90  6:46  Supply Depot  
  91  6:48  Supply Depot  
  91  6:49  SCV x2  
  91  6:53  Armory  
  93  6:56  Barracks Reactor x2  
  93  7:03  Marine, SCV x3  
  93  7:05  Marine x4  
  101  7:09  Siege Tank  
  101  7:11  Medivac  
  101  7:15  Medivac  
  108  7:21  Marine  
  107  7:22  Marine  
  107  7:23  Marine x2  
  107  7:25  Marine  
  107  7:27  SCV  
  112  7:33  Marine x4  
  116  7:39  Marine  
  117  7:51  Supply Depot x2  
  117  7:52  Supply Depot  
  117  7:55  Marine  
  117  7:56  Marine  
  117  8:01  Combat Shields  
  117  8:10  Marine  
  117  8:12  Marine x4, Siege Tank, Medivac x2  
  112  8:21  Marine  
  112  8:22  Marine  
  104  8:28  Marine  
  104  8:30  Marine  
  91  8:41  Marine x2  
  91  8:43  Marine x3  
  91  8:44  Siege Tank  
  91  8:46  Marine  
  91  8:47  Marine  
  86  8:59  Marine x2  
  86  9:00  Marine  
  77  9:06  Marine x3  
Show
View Real Time Build Order
Export as new Build Order

TYTY Terran - Winner!

Build Orders: Reaper Expand 

Get SALT Encoding   

  12  0:00  SCV  
  13  0:12  SCV  
  14  0:18  Supply Depot  
  14  0:24  SCV  
  15  0:29  Refinery  
  15  0:40  SCV  
  16  0:46  Barracks  
  16  0:52  SCV  
  17  1:04  SCV  
  18  1:16  SCV  
  19  1:33  Reaper, Orbital Command  
  20  1:48  Command Center  
  20  1:59  Factory  
  20  2:03  SCV  
  20  2:08  Barracks Reactor  
  21  2:15  SCV  
  21  2:18  Supply Depot  
  22  2:24  Refinery  
  22  2:27  SCV  
  23  2:40  SCV  
  23  2:44  Marine x2  
  25  2:46  Starport  
  26  2:52  SCV  
  26  2:53  Widow Mine  
  29  3:00  Orbital Command  
  29  3:04  SCV  
  30  3:08  Marine x2  
  32  3:16  SCV  
  33  3:23  Medivac  
  33  3:26  Marine, SCV  
  37  3:27  Marine  
  37  3:28  SCV  
  39  3:34  Cyclone  
  39  3:38  SCV  
  39  3:40  Supply Depot  
  43  3:42  SCV  
  43  3:45  Marine  
  46  3:52  SCV  
  46  3:54  Supply Depot  
  46  4:01  Marine, Viking, SCV  
  50  4:04  SCV  
  54  4:13  Factory Tech Lab, SCV  
  54  4:14  Marine  
  52  4:19  Marine  
  52  4:24  SCV  
  48  4:26  SCV  
  46  4:32  Marine, Siege Tank  
  46  4:36  SCV  
  46  4:37  Marine  
  53  4:40  Starport Tech Lab, Command Center  
  53  4:43  SCV  
  52  4:48  SCV  
  52  4:49  Marine  
  54  4:55  Marine, Refinery, SCV  
  54  4:56  Refinery  
  56  5:04  Siege Tank  
  59  5:08  SCV x2  
  62  5:16  Supply Depot  
  62  5:18  Supply Depot  
  62  5:25  SCV  
  62  5:27  Starport Reactor  
  62  5:32  Barracks  
  62  5:34  Supply Depot x2  
  62  5:35  Stimpack  
  62  5:37  Marine  
  62  5:38  Siege Tank, SCV, Barracks  
  62  5:42  SCV  
  68  5:45  Engineering Bay  
  68  5:48  Engineering Bay  
  68  5:50  SCV  
  68  5:51  Orbital Command  
  68  5:54  SCV  
  68  5:55  Marine  
  71  6:02  SCV  
  72  6:06  SCV  
  72  6:10  Siege Tank  
  76  6:13  Marine, Starport Reactor  
  76  6:14  SCV  
  76  6:18  SCV  
  79  6:21  Terran Infantry Armor Level 1, Terran Infantry Weapons Level 1, Orbital Command  
  79  6:26  SCV  
  79  6:27  Marine x2  
  79  6:30  Marine x2  
  79  6:31  Marine  
  85  6:33  SCV  
  85  6:38  SCV  
  87  6:43  Supply Depot, Barracks x2  
  87  6:45  Marine, Siege Tank  
  87  6:46  SCV  
  92  6:47  SCV  
  92  6:49  Medivac x2  
  92  6:50  SCV  
  98  6:57  Marine x4  
  98  6:58  SCV  
  98  6:59  SCV  
  104  7:03  Supply Depot  
  104  7:04  SCV  
  102  7:09  Marine  
  102  7:10  SCV  
  102  7:12  SCV  
  102  7:15  Marine x2  
  106  7:16  SCV  
  106  7:17  Siege Tank  
  106  7:20  Marine x2  
  111  7:26  Medivac x2  
  111  7:28  Marine  
  116  7:31  SCV x2  
  116  7:33  Marine x2  
  120  7:39  Barracks Reactor x2  
  120  7:42  Marine x2  
  121  7:46  Marine  
  121  7:50  Marine  
  123  7:56  Liberator, Siege Tank  
  122  7:59  Marine x2  
  122  8:03  Marine  
  122  8:05  Marine  
  125  8:08  Marine  
  125  8:09  Supply Depot  
  125  8:12  Supply Depot  
  122  8:13  Liberator  
  122  8:17  Marine x2  
  124  8:20  Marine  
  124  8:22  Marine  
  124  8:24  Marine x3  
  124  8:26  Marine, Barracks Tech Lab  
  122  8:35  Marine x2  
  122  8:38  Marine  
  122  8:40  Marine, SCV x2  
  115  8:42  Marine  
  115  8:45  Marine x2  
  109  8:52  Siege Tank, SCV x2  
  109  8:53  Marine  
  111  8:56  Marine, Medivac  
  111  8:58  Marine  
  111  8:59  Marine  
  115  9:03  Marine x2  
  115  9:04  SCV x2  

Tags
 
Add a new tag
Caveats
  • Supply blocks, unpowered buildings, or Contaminate may cause inaccurate times.
  • Supply counts are checked every 10 seconds.